 Dungeon Crawl Stone Soup version 0.24.1 (webtiles) character file.

Game seed: 10408964805229623258, levelgen mode: deterministic

1936 mortelune the Frost Mage (level 8, -2/41 HPs)
             Began as a Deep Elf Ice Elementalist on Mar 28, 2020.
             Was an Initiate of Vehumet.
             Slain by a troll (11 damage)
             ... on level 9 of the Dungeon.
             The game lasted 00:17:50 (12788 turns).

mortelune the Frost Mage (DEIE)                    Turns: 12788, Time: 00:17:51

Health: -2/41      AC:  4    Str:  5    XL:     8   Next: 97%
Magic:  10/20      EV: 16    Int: 23    God:    Vehumet [......]
Gold:   480        SH:  0    Dex: 15    Spells: 9/20 levels left

rFire    + + .     SeeInvis .   C - +2 trident of Dissolution {venom, rF++} (curse)
rCold    . . .     Gourm    +   (no shield)
rNeg     . . .     Faith    .   a - +0 robe
rPois    .         Spirit   .   (no helmet)
rElec    .         Reflect  .   (no cloak)
rCorr    .         Harm     .   n - +1 pair of gloves
MR       .....                  (no boots)
Stlth    ++........             s - amulet of the gourmand
HPRegen  0.13/turn              (no ring)
MPRegen  0.17/turn              (no ring)

@: no status effects
A: no striking features
a: Renounce Religion


You were on level 9 of the Dungeon.
You worshipped Vehumet.
Vehumet was noncommittal.
You were not hungry.

You visited 2 branches of the dungeon, and saw 10 of its levels.

You collected 480 gold pieces.

Inventory:

Hand Weapons
 g - a +0 mace
 l - a +1 long sword
 C - the cursed +2 trident of Dissolution (weapon) {venom, rF++}
   (You found it on level 9 of the Dungeon)

   It poisons the flesh of those it strikes.
   It greatly protects you from fire.
   It has a curse placed upon it.
Armour
 a - a +0 robe (worn)
 n - a +1 pair of gloves (worn)
 y - the +0 leather armour of Supp {rN+}
   (You found it on level 6 of the Dungeon)

   It protects you from negative energy.
Jewellery
 s - an amulet of the gourmand (around neck)
Wands
 w - a wand of flame (36)
Scrolls
 b - 7 scrolls of remove curse
 d - 3 scrolls of amnesia
 h - a scroll of enchant armour
 i - a scroll of teleportation
 j - 2 scrolls of blinking
 k - 2 scrolls of magic mapping
 m - 3 scrolls of enchant weapon
 p - 4 scrolls of identify
 t - 2 scrolls of immolation
 x - a scroll of random uselessness {unknown}
Potions
 e - 2 potions of agility
 f - a potion of lignification
 o - 2 potions of degeneration
 q - a potion of resistance
 r - a potion of invisibility
 u - a potion of magic
 v - 2 potions of curing
 z - a potion of might {unknown}
 A - a potion of berserk rage {unknown}
 B - a potion of mutation {unknown}
Comestibles
 c - 5 rations


   Skills:
 + Level 6.3 Dodging
 - Level 2.4 Stealth
 + Level 6.8 Spellcasting
 * Level 7.2 Conjurations
 * Level 8.1 Ice Magic


You had 9 spell levels left.
You knew the following spells:

 Your Spells              Type           Power        Failure   Level  Hunger
a - Freeze                Ice            ####         1%          1    None
b - Throw Frost           Conj/Ice       #####.       1%          2    None
c - Throw Icicle          Conj/Ice       #####...     3%          4    ###....
d - Summon Ice Beast      Ice/Summ       ####....     14%         4    ###....

Your spell library contained the following spells:

 Spells                   Type           Power        Failure   Level  Hunger
 Ozocubu's Armour         Chrm/Ice       ####....     4%          3    None
 Confusing Touch          Hex            #.....       8%          1    None
 Confuse                  Hex            #.......     24%         3    None
 Gell's Gravitas          Tloc           #.........   24%         3    None
 Metabolic Englaciation   Hex/Ice        ####......   38%         5    #####..
 Petrify                  Tmut/Erth      #.......     61%         4    ###....
 Yara's Violent Unravell  Hex/Tmut       #.........   91%         5    #####..


Dungeon Overview and Level Annotations

Branches:
Dungeon (9/15)             Temple (1/1) D:6
   Lair: D:8-11         Orc: D:9-12

Altars:
Ashenzari
Cheibriados
Dithmenos
Fedhas
Gozag
Hepliaklqana
Kikubaaqudgha
Makhleb
Nemelex Xobeh
Okawaru
Qazlal
Ru
Sif Muna
Trog
Uskayaw
Vehumet
Wu Jian
Xom
Zin
The Shining One

Annotations:
D:3 1 runed translucent door, Crazy Yiuf
D:7 Menkaure


Message History

You reach to attack!
You catch the helpless troll completely off-guard!
You hit the troll.
The troll is poisoned.
The troll is almost dead.
The wight hits your ice beast with a cursed +0 dagger.
The wight drains your ice beast.
Your ice beast hits the wight.
Your ice beast freezes the wight.
The wight resists.
Attack whom?
Press: ? - help, Dir - move target cursor, f/p - troll
Aim: a troll (almost dead, poisoned)
You barely miss the troll.
The troll is almost dead.
The troll completely misses you. x2; The troll claws you!
Your ice beast hits the wight but does no damage.
The troll bites you!
* * * LOW HITPOINT WARNING * * *
The troll claws you.
* * * LOW HITPOINT WARNING * * *
The troll claws you!
You die...

##.
.....########
......T@Y...##
#....Yz####..#
..##.#. ##.##
# .. #..#
#.#.# ##.## ..
..# #..# ..#
#..# ##.## .#
#..# #..#
#..###.#


You could see a troll, a wight and 2 friendly ice beasts.

Vanquished Creatures
  A sky beast (D:5)
  A black bear (D:6)
  An ice beast (D:9)
  A phantom (D:6)
  4 centaurs
  2 ogres
  2 scorpions
  A wight (D:6)
  A crimson imp (D:7)
  A bullfrog zombie (D:5)
  4 hounds
  A jelly (D:5)
  An orc priest (D:5)
  A bullfrog skeleton (D:6)
  An orc wizard (D:5)
  9 worker ants
  3 gnolls (D:4)
  A howler monkey skeleton (D:4)
  10 adders
  A shadow imp (D:6)
  An ooze (D:3)
  3 adder skeletons
  A worm (D:2)
  A dart slug (D:2)
  6 leopard geckos
  14 orcs
  2 ball pythons
  10 bats
  6 giant cockroaches
  5 goblins
  7 hobgoblins
  5 quokkas
  6 frilled lizards
  5 kobolds
  A leopard gecko skeleton (D:4)
  7 rats
127 creatures vanquished.

Vanquished Creatures (collateral kills)
  A hippogriff (D:7)
  A black bear (D:7)
  An ice beast (D:8)
  A bullfrog skeleton (D:9)
4 creatures vanquished.

Vanquished Creatures (others)
  An ogre (D:6)
  A jelly (D:6)
  2 orcs (D:6)
4 creatures vanquished.

Grand Total: 135 creatures vanquished

Notes
Turn   | Place    | Note
-------+----------+-------------------------------------------
     0 | D:1      | mortelune the Deep Elf Ice Elementalist began the quest for
                  | the Orb.
     0 | D:1      | Reached XP level 1. HP: 10/10 MP: 6/6
   284 | D:1      | Reached XP level 2. HP: 15/15 MP: 5/8
   288 | D:1      | Learned a level 2 spell: Throw Frost
  1497 | D:2      | Reached XP level 3. HP: 19/19 MP: 7/10
  2087 | D:3      | Found a hide-covered altar of Uskayaw.
  2155 | D:3      | Reached skill level 4 in Ice Magic
  2530 | D:3      | Reached XP level 4. HP: 22/24 MP: 5/11
  3789 | D:3      | Found a runed translucent door.
  3790 | D:3      | Noticed Crazy Yiuf
  3883 | D:4      | Reached XP level 5. HP: 22/28 MP: 0/13
  4092 | D:4      | Learned a level 4 spell: Throw Icicle
  4557 | D:4      | Reached skill level 5 in Ice Magic
  4925 | D:4      | Reached XP level 6. HP: 27/32 MP: 1/14
  5540 | D:4      | Found a shadowy altar of Dithmenos.
  5750 | D:4      | Found an ancient bone altar of Kikubaaqudgha.
  6578 | D:5      | Entered Level 5 of the Dungeon
  6583 | D:5      | Reached skill level 5 in Spellcasting
  6583 | D:5      | Reached XP level 7. HP: 23/36 MP: 12/16
  6796 | D:5      | Reached skill level 6 in Ice Magic
  7163 | D:5      | Reached skill level 5 in Conjurations
  7280 | D:5      | Reached skill level 5 in Dodging
  7785 | D:5      | Found an iron altar of Okawaru.
  8091 | D:5      | Reached XP level 8. HP: 31/41 MP: 6/18
  8522 | D:6      | Reached skill level 7 in Ice Magic
  8813 | D:6      | Found a shimmering altar of Xom.
  8954 | D:6      | Got a fine leather armour
  8978 | D:6      | Identified the +0 leather armour of Supp {rN+} (You found
                  | it on level 6 of the Dungeon)
  9273 | D:6      | Found a staircase to the Ecumenical Temple.
  9285 | Temple   | Entered the Ecumenical Temple
  9332 | Temple   | Became a worshipper of Vehumet
 10604 | D:7      | Noticed a hippogriff
 10615 | D:7      | Learned a level 4 spell: Summon Ice Beast
 10631 | D:7      | Killed a hippogriff
 10902 | D:7      | Noticed Menkaure
 12344 | D:8      | Found a sparkling altar of Nemelex Xobeh.
 12403 | D:9      | Got a warped trident
 12404 | D:9      | Identified the cursed +2 trident of Dissolution {venom,
                  | rF++} (You found it on level 9 of the Dungeon)
 12444 | D:9      | Reached skill level 8 in Ice Magic
 12492 | D:9      | Found a burning altar of Makhleb.
 12650 | D:9      | Found a blossoming altar of Fedhas.
 12759 | D:9      | Found a glowing golden altar of the Shining One.
 12776 | D:9      | Noticed a troll
 12788 | D:9      | Slain by a troll

Levels and vault maps discovered:
D:1:      minmay_arrival_up_and_down, layout_basic
D:2:      layout_basic
D:3:      layout_loops_corners, nicolae_overflow_crystal_walls,
          kennysheep_another_room, uniq_crazy_yiuf_cottage
D:4:      layout_layer_cave, kiku_gazebo_garden_becter,
          nicolae_dithmenos_the_darkroom, first_ration
D:5:      layout_basic, nicolae_overflow_hidden_temple, hex_large
D:6:      layout_basic, minmay_temple_entry_drinking_statues,
          xom_confusion_cloud
D:7:      layout_rooms, uniq_menkaure
D:8:      layout_basic, kennysheep_mini_moat
D:9:      layout_cave_pools, fedhas_bush_and_centaur_altar,
          makhleb_heckhound_becter, lemuel_coloured_pillars_altar,
          lemuel_round_altar, tso_metal_star, serial_shops,
          nicolae_shop_crystal, hangedman_ranch [blue_anna_fruit_fields],
          small_chamber_with_monster
Temple:   minmay_temple_bridge_abc

Skill      XL: |  1  2  3  4  5  6  7  8 |
---------------+-------------------------+-----
Dodging        | 3 4 5 6 |  6.3
Ice Magic      | 4 5 6 8 |  8.1
Conjurations   | 2 3 4 5 7 |  7.2
Spellcasting   | 4 5 6 |  6.8
Stealth        | |  2.4

Action                   |  1- 3 |  4- 6 |  7- 9 || total
-------------------------+-------+-------+-------++-------
Melee: Unarmed           |     1 |       |       ||     1
       Long sword        |       |     3 |    18 ||    21
       Trident           |       |       |     5 ||     5
 Cast: Freeze            |    25 |    25 |    34 ||    84
       Throw Frost       |    47 |    32 |    34 ||   113
       Throw Icicle      |       |    23 |    49 ||    72
       Summon Ice Beast  |       |       |    11 ||    11
  Use: Scroll            |     1 |       |    16 ||    17
 Stab: Distracted        |       |       |     1 ||     1
  Eat: Chunk             |     6 |    13 |    16 ||    35
       Ration            |       |     1 |     4 ||     5
Armor: Robe              |     6 |     4 |     2 ||    12
Dodge: Dodged            |    35 |    17 |    60 ||   112
       Rpst.: Long sword |     3 |     3 |    10 ||    16
